 Dungeon Crawl Stone Soup version 0.29.1-13-g9f3cf754e1 (webtiles) character file.

Game seed: 14419081654928122485

66 ak47sunrisetnf the Poker (level 3, 0/34 HPs)
             Began as a Minotaur Berserker on Feb 3, 2023.
             Was a Believer of Trog.
             Killed from afar by Ijyb (16 damage)
             ... with a bolt of dispelling energy
             ... on level 3 of the Dungeon.
             The game lasted 00:09:50 (1406 turns).

ak47sunrisetnf the Poker (Minotaur Berserker)       Turns: 1406, Time: 00:09:51

Health: 0/34       AC: 13    Str: 23    XL:     3   Next: 96%
Magic:  2/2        EV:  9    Int:  4    God:    Trog [**....]
Gold:   79         SH:  0    Dex: 15    Spells: 2/2 levels left

rFire   . . .      SeeInvis .   a - +0 spear
rCold   + . .      Faith    .   (no shield)
rNeg    . . .      Spirit   .   i - +4 chain mail of Usebru {rC+ Dex+6}
rPois   .          Reflect  .   (helmet restricted)
rElec   .          Harm     .   (no cloak)
rCorr   .          Rampage  .   (no gloves)
Will    .....                   (no boots)
Stlth   ..........              (no amulet)
HPRegen 0.11/turn               (no ring)
MPRegen 0.08/turn               (no ring)

@: no status effects
A: horns 2, retaliatory headbutt
a: Renounce Religion, Berserk, Trog's Hand


You were on level 3 of the Dungeon.
You worshipped Trog.
Trog was pleased with you.
You visited 1 branch of the dungeon, and saw 3 of its levels.

You collected 79 gold pieces.

Inventory:

Hand Weapons
 a - a +0 spear (weapon)
Armour
 b - a +0 animal skin
 f - a +0 leather armour
 i - the +4 chain mail of Usebru (worn) {rC+ Dex+6}
   (You found it on level 2 of the Dungeon)

   Dex:       It affects your dexterity (+6).
   rC:        It protects you from cold.
 k - a +0 plate armour
Scrolls
 c - a scroll of vulnerability {unknown}
 h - a scroll of enchant armour {unknown}
 j - a scroll of immolation {unknown}
 l - a scroll of summoning {unknown}
 m - a scroll of enchant weapon {unknown}
 n - a scroll of identify {unknown}
 o - a scroll of magic mapping {unknown}
Potions
 d - 2 potions of curing {unknown}
 e - a potion of mutation {unknown}
 g - a potion of attraction {unknown}


   Skills:
 + Level 4.5 Fighting
 + Level 4.7 Polearms
 + Level 2.8 Armour
 + Level 2.6 Dodging


You had 2 spell levels left.
You didn't know any spells.
Your spell library contained the following spells:

 Spells                   Type           Power      Damage    Failure   Level
 Sting                    Tmut/Pois      0%         1d3       99%         1
 Poisonous Vapours        Pois/Air       0%         N/A       100%        2
 Olgreb's Toxic Radiance  Pois           0%         N/A       100%        4


Dungeon Overview and Level Annotations

Branches:
Dungeon (3/15)

Altars:
Elyvilon

Annotations:
D:3 Ijyb


Innate Abilities, Weirdness & Mutations

You have a pair of horns on your head.
You reflexively headbutt those who attack you in melee.


Message History

You hit Ijyb but do no damage.
Ijyb is lightly wounded.
The frilled lizard barely misses you. Ijyb screams, "Me stronger than you!"
Ijyb hits you but does no damage.
You hit Ijyb but do no damage.
Ijyb is lightly wounded.
Ijyb hits you but does no damage.
The frilled lizard bites you but does no damage.
You miss the frilled lizard.
The frilled lizard bites you but does no damage.
You hit the frilled lizard. You headbutt the frilled lizard.
You kill the frilled lizard!
Trog accepts your kill.
Ijyb screams, "It's all mine!"
You hit Ijyb but do no damage.
Ijyb is lightly wounded.
Ijyb hits you but does no damage.
You barely miss Ijyb.
Ijyb is lightly wounded.
You hit Ijyb.
Ijyb is lightly wounded.
Ijyb closely misses you. You furiously retaliate!
You headbutt Ijyb. You barely miss Ijyb.
Ijyb is moderately wounded.
Ijyb zaps a wand.
The bolt of dispelling energy hits you!
You hit Ijyb but do no damage. You headbutt Ijyb.
Ijyb is heavily wounded.
Ijyb barely misses you.
You completely miss Ijyb.
Ijyb is heavily wounded.
Ijyb hits you with a +0 club.
You hit Ijyb but do no damage. You headbutt Ijyb.
Ijyb is heavily wounded.
Ijyb screams, "It's all mine!"
Ijyb closely misses you.
You hit Ijyb.
Ijyb is severely wounded.
Ijyb zaps a wand.
The bolt of dispelling energy hits you!
You die...

#..# ###....#
#.## ###### #.#
#.# #.# # #.# #.
## #. ##.# ..
.?.#.###..# .#
....l..#@#...#
§≈§≈≈..#g#.###
....≈.†...#
≈≈≈≈!≈.........#
...≈.≈..#..###..
._.≈.≈..##.#
...≈.≈.## .#
≈≈≈≈.≈. ..
.....§§ .#.


You could see Ijyb (strong).

Vanquished Creatures
  An iguana (D:3)
  A worm (D:2)
  3 ball pythons
  A bat (D:2)
  3 endoplasms
  3 giant cockroaches
  4 goblins
  5 hobgoblins
  4 jackals (D:2)
  A quokka (D:3)
  4 frilled lizards
  2 kobolds (D:1)
  A rat (D:1)
33 creatures vanquished.

Notes
Turn   | Place    | Note
-------+----------+-------------------------------------------
     0 | D:1      | ak47sunrisetnf the Minotaur Berserker began the quest for
                  | the Orb.
     0 | D:1      | Reached XP level 1. HP: 19/19 MP: 0/0
   130 | D:1      | Reached XP level 2. HP: 18/27 MP: 1/1
   305 | D:1      | Found a faded altar of an unknown god.
   611 | D:2      | Identified the +4 chain mail of Usebru {rC+ Dex+6}
   715 | D:2      | Reached XP level 3. HP: 34/34 MP: 2/2
  1045 | D:2      | Reached ** piety under Trog
  1373 | D:3      | Found a white marble altar of Elyvilon.
  1385 | D:3      | Noticed Ijyb
  1406 | D:3      | Killed from afar by Ijyb

Illustrated notes

Levels and vault maps discovered:
D:1:      minmay_arrival_checkered_box, layout_rooms,
          ebering_ecumenical_altar_ruins, ebering_dispersal_statue_hall
D:2:      layout_basic, minmay_misc_feat_ornament
D:3:      layout_rooms, mainiacjoe_overflow_concentric_impassable,
          minmay_misc_feat_pillars, uniq_ijyb, uniq_jessica

Skill      XL: |  1  2 |
---------------+-------+-----
Polearms       | 4 |  4.7
Fighting       | 4 |  4.5
Armour         | |  2.8
Dodging        | |  2.6

Action                   || total
-------------------------++-------
Melee: Spear             ||    89
       Headbutt          ||    18
       Punch             ||     1
Armor: Animal skin       ||     6
       Chain mail        ||    26
Dodge: Dodged            ||    34
